 Dungeon Crawl Stone Soup version 0.23.2-40-g277498a001 (webtiles) character file.

Game seed: 4295116434285965678

86 Descartes the Skirmisher (level 4, -2/37 HPs)
             Began as a Formicid Abyssal Knight on Sept 22, 2019.
             Was a Follower of Lugonu.
             Slain by a scorpion (4 damage)
             ... on level 2 of the Dungeon.
             The game lasted 00:07:01 (2916 turns).

Descartes the Skirmisher (Formicid Abyssal Knight)  Turns: 2916, Time: 00:07:02

Health: -2/37      AC:  3    Str: 16    XL:     4   Next: 78%
Magic:  6/6        EV: 11    Int: 12    God:    Lugonu [*.....]
Gold:   131        SH:  0    Dex: 11    Spells: 3/3 levels left

rFire    . . .     SeeInvis +   a - +1 hand axe
rCold    . . .     Gourm    .   (no shield)
rNeg     . . .     Faith    .   b - +0 leather armour
rPois    .         Spirit   .   (helmet unavailable)
rElec    .         Reflect  .   (no cloak)
rCorr    .         Harm     .   (no gloves)
MR       .....                  (no boots)
Stlth    +.........             (no amulet)
HPRegen  0.12/turn              (no ring)
MPRegen  0.10/turn              (no ring)

@: lethally poisoned (-2 -> -10)
A: permanent stasis, dig shafts and tunnels, four strong arms, antennae 3
a: Dig, Shaft Self, Depart the Abyss, Renounce Religion


You were on level 2 of the Dungeon.
You worshipped Lugonu.
Lugonu was aware of your devotion.
You were not hungry.

You visited 1 branch of the dungeon, and saw 2 of its levels.
You visited the Abyss 1 time.

You collected 131 gold pieces.

Inventory:

Hand Weapons
 a - a +1 hand axe (weapon)
 i - a +0 mace
Missiles
 e - 36 arrows
 g - 105 stones (quivered)
 l - 18 bolts
Armour
 b - a +0 leather armour (worn)
Wands
 o - a wand of paralysis (7)
Scrolls
 d - 4 scrolls of identify {unknown}
 f - a scroll of random uselessness {unknown}
 h - a scroll of amnesia {unknown}
 k - 2 scrolls of remove curse {unknown}
 m - a scroll of teleportation {unknown}
 p - a scroll of enchant armour {unknown}
 t - a scroll of fear {unknown}
Potions
 j - a potion of curing
 n - a potion of degeneration {unknown}
 q - a potion of flight {unknown}
 r - a potion of agility {unknown}
 s - a potion of cancellation {unknown}
Comestibles
 c - 5 rations


   Skills:
 + Level 4.0 Fighting
 + Level 2.7 Axes
 + Level 2.7 Armour
 + Level 1.3 Dodging
 + Level 1.1 Stealth
 + Level 2.7 Invocations
 + Level 1.0 Evocations


You had 3 spell levels left.
You didn't know any spells.
Your spell library was empty.

Dungeon Overview and Level Annotations

Branches:
Dungeon (2/15)

Altars:
Sif Muna


Innate Abilities, Weirdness & Mutations

You cannot be hasted, slowed, berserked, paralysed or teleported.
You can dig through walls and to a lower floor.
Your four strong arms can wield two-handed weapons with a shield.
You have a pair of large antennae on your head. (SInv)


Message History

You feel sick. The scorpion stings you!
* * * LOW HITPOINT WARNING * * *
You are lethally poisoned!
The scorpion poisons you!
You closely miss the scorpion.
The scorpion is almost dead.
* * * LOW HITPOINT WARNING * * *
You feel sick. The scorpion stings you.
* * * LOW HITPOINT WARNING * * *
You are more poisoned.
The scorpion poisons you!
It was a potion of curing.
You feel better. The scorpion stings you.
* * * LOW HITPOINT WARNING * * *
You are lethally poisoned!
The scorpion poisons you!
You barely miss the scorpion.
The scorpion is almost dead.
* * * LOW HITPOINT WARNING * * *
You feel sick. The scorpion stings you.
You die...

#).##......##.. #.#
#.#.##.#
#.##.#....##.. #.#
#.####.###
###.#....##.. #.#
#.#.......
##....#.##..## #.#
#.#.##.###
#......###.(.### #.#
#.#.##.#
#+#......###...###.#
#.#..).#
###......###.gb#.#
#.######
{###.#..#.###s#.#
#.# {###.#..#.#@#.#
#.# {###......#.##
#.# ###.#.....# #.#
{###..#..# #.#
####).## #.#
########..# #.#
#........># #.#
#.######### #.# #.#
#.#


You could see a scorpion, a goblin and a bat.

Vanquished Creatures
  3 adders (D:2)
  An ooze (D:1)
  2 worms (D:2)
  A dart slug (D:1)
  2 leopard geckos
  6 bats
  6 giant cockroaches
  3 hobgoblins
  A quokka (D:2)
  5 frilled lizards
  8 goblins
  5 kobolds
  A rat (D:1)
44 creatures vanquished.

Notes
Turn   | Place    | Note
-------+----------+-------------------------------------------
     0 | Abyss:1  | Descartes the Formicid Abyssal Knight began the quest for
                  | the Orb.
     0 | Abyss:1  | Reached XP level 1. HP: 18/18 MP: 2/2
     3 | Abyss:1  | Found a corrupted altar of Lugonu.
   146 | Abyss:1  | Noticed a shadow
   179 | Abyss:1  | Noticed a large abomination
   182 | Abyss:1  | Noticed a small abomination
   187 | Abyss:1  | Noticed a purple very ugly thing
   198 | D:1      | Escaped the Abyss
   542 | D:1      | Reached XP level 2. HP: 22/24 MP: 3/3
   550 | D:1      | Reached * piety under Lugonu
   606 | D:1      | Reached skill level 1 in Dodging
   838 | D:1      | Reached XP level 3. HP: 30/30 MP: 4/4
  2048 | D:2      | Reached XP level 4. HP: 36/37 MP: 5/5
  2205 | D:2      | Reached skill level 4 in Fighting
  2231 | D:2      | Reached skill level 1 in Stealth
  2508 | D:2      | Found a deep blue altar of Sif Muna.
  2534 | D:2      | Reached skill level 1 in Evocations
  2916 | D:2      | Slain by a scorpion

Skill      XL: |  1  2  3  4 |
---------------+-------------+-----
Dodging        | 1 |  1.3
Fighting       | 4 |  4.0
Stealth        | 1 |  1.1
Evocations     | 1 |  1.0
Axes           | |  2.7
Armour         | |  2.7
Invocations    | |  2.7

Action                   |  1- 3 |  4- 6 || total
-------------------------+-------+-------++-------
Melee: Hand axe          |   103 |    69 ||   172
Invok: Depart the Abyss  |     1 |       ||     1
 Abil: Dig               |     2 |       ||     2
  Use: Potion            |       |     1 ||     1
  Eat: Chunk             |     5 |     3 ||     8
Armor: Leather armour    |    28 |    15 ||    43
Dodge: Dodged            |    83 |    53 ||   136
